Jets vs Devils

Created - April-11-13 at 18:09

Goals
1 2 3 T
Jets 3 1 0 4
Devils 1 0 2 3
Shots
1 2 3 T
Jets 15 8 11 34
Devils 8 9 7 24

1st period

1. Jets , Henrik Sedin 24 (Matt Moulson, Ron Hainsey) at 1:54
2. Jets , Jordan Staal 23 (Jason Garrison) at 10:36
3. Devils , Trevor Daley 4 (Mark Letestu, Tim Connolly) at 14:38
4. Jets , Matt Cooke 10 (Ron Hainsey, Matt Cullen) at 19:32

Penalties :
Josh Bailey (NJD) for Roughing (Minor) at 7:40

2nd period

5. Jets , Jordan Staal 24 (James Wisniewski, Jason Garrison) at 19:00

Penalties :
Mark Giordano (WPG) for Hooking (Minor) at 6:49, Erik Cole (WPG) for Holding (Minor) at 9:52, Pascal Dupuis (WPG) for High sticking (Minor) at 19:53

3rd period

6. Devils , James van Riemsdyk 16 (Lubomir Visnovsky, Brad Stuart) at 1:02 (PP)
7. Devils , R.J. Umberger 13 (Trevor Daley, James van Riemsdyk) at 12:31

Penalties :
Lubomir Visnovsky (NJD) for Tripping (Minor) at 1:25, Saku Koivu (NJD) for High sticking (Double Minor) at 7:18, Johnny Oduya (WPG) for High sticking (Minor) at 14:18, Matt DAgostini (NJD) for Hooking (Minor) at 16:37

Goalie Stats

Tim Thomas (WPG), 21 saves from 24 shots - (0.875), W, 30-18-2, 60:00 minutes
Steve Mason (NJD), 30 saves from 34 shots - (0.882), L, 29-35-10, 59:48 minutes

Players Stats for Jets

Player Name              G  A  P  +/- PIM S  H  SB GA TA FO     MP     PP MP  PK MP  
------------------------------------------------------------------------------------
Carlo Colaiacovo         0  0  0  -1  0   1  1  2  0  0  0/0    19:03   4:24   0:00 
Dave Bolland             0  0  0   0  0   2  0  0  0  0  10/18  14:03   0:00   5:22 
Erik Cole                0  0  0   0  2   4  2  0  0  0  2/3    18:35   4:26   0:00 
Henrik Sedin             1  0  1   1  0   6  0  0  0  0  14/21  20:17   5:30   0:00 
James Wisniewski         0  1  1   1  0   0  0  1  0  0  0/0    21:02   5:32   1:54 
Jamie Benn               0  0  0   1  0   1  2  0  0  0  1/2    20:17   5:30   0:00 
Jason Garrison           0  2  2   1  0   4  3  1  0  0  0/0    23:15   4:24   4:17 
Johnny Oduya             0  0  0   1  2   0  0  3  0  0  0/0    13:01   0:00   1:54 
Jordan Staal             2  0  2   0  0   6  2  0  0  0  10/25  21:18   4:26   1:44 
Lee Stempniak            0  0  0   1  0   1  0  0  0  0  0/0    13:03   0:00   0:00 
Mark Fistric             0  0  0   1  0   0  0  0  0  0  0/0     2:37   0:00   0:00 
Mark Giordano            0  0  0  -1  2   1  3  0  0  0  0/0    22:00   5:32   1:50 
Martin Erat              0  0  0   0  0   0  0  0  0  0  1/1    18:36   4:26   0:00 
Matt Cooke               1  0  1   1  0   4  3  1  0  0  1/3    10:42   0:00   5:22 
Matt Cullen              0  1  1   1  0   0  0  0  0  0  2/8     4:22   0:00   0:00 
Matt Moulson             0  1  1   1  0   1  0  0  0  0  1/1    20:17   5:30   0:00 
Pascal Dupuis            0  0  0   0  2   3  2  0  0  0  0/0    11:22   0:00   1:44 
Ron Hainsey              0  2  2   2  0   0  0  1  0  0  0/0    19:00   0:00   4:17 

Players Stats for Devils

Player Name              G  A  P  +/- PIM S  H  SB GA TA FO     MP     PP MP  PK MP  
------------------------------------------------------------------------------------
Artem Anisimov           0  0  0  -1  0   1  3  0  0  0  6/14   17:44   4:03   0:00 
Brad Stuart              0  1  1  -1  0   0  1  0  0  0  0/0    20:27   3:06   5:02 
James van Riemsdyk       1  1  2   1  0   3  1  0  0  0  1/3    17:51   2:57   0:00 
Jordan Leopold           0  0  0  -1  0   0  1  3  0  0  0/0    25:47   4:00   4:37 
Josh Bailey              0  0  0  -2  2   1  0  0  0  0  0/0    14:28   0:06   0:00 
Lubomir Visnovsky        0  1  1   1  2   3  5  1  0  0  0/0    18:23   3:06   0:17 
Marcel Goc               0  0  0  -2  0   0  0  0  0  0  12/22  15:39   0:00   5:35 
Mark Letestu             0  1  1  -1  0   4  2  0  0  0  5/9    16:44   3:03   0:00 
Matt DAgostini           0  0  0  -2  2   0  1  0  0  0  0/0    10:03   0:00   0:00 
Nikita Nikitin           0  0  0   0  0   0  0  0  0  0  0/0     8:51   4:00   0:00 
Niklas Hjalmarsson       0  0  0  -2  0   1  1  4  0  0  0/0    15:27   0:00   4:40 
Patrick Eaves            0  0  0   0  0   1  0  0  0  0  0/0     8:40   0:00   4:21 
R.J. Umberger            1  0  1   1  0   1  3  0  0  0  1/3    18:57   4:03   0:00 
Roman Hamrlik            0  0  0  -2  0   0  1  2  0  0  0/0    16:03   0:00   5:16 
Saku Koivu               0  0  0   1  4   4  2  0  0  0  14/26  21:11   4:03   2:15 
Tim Connolly             0  1  1  -1  0   4  0  0  0  0  0/3    18:50   3:03   2:06 
Trevor Daley             1  1  2   1  0   1  1  1  0  0  0/0    15:01   0:00   0:00 
Vladimir Sobotka         0  0  0   0  0   0  0  0  0  0  1/2     9:54   0:00   5:35 

3 Stars

1 - Jordan Staal (WPG)
2 - Trevor Daley (NJD)
3 - James van Riemsdyk (NJD)

Power Play

Jets - 0 on 5 Attempt(s) - 0.00%
Devils - 1 on 4 Attempt(s) - 25.00%

Penalty Kill

Jets - 3 on 4 Attempt(s) - 75.00% - Score 0 goal in Penalty Kill
Devils - 5 on 5 Attempt(s) - 100.00% - Score 0 goal in Penalty Kill

Official

Referees : Stephane Auger and Brian Pochmara
Linesman : Steve Barton and Shane Heyer

Game Notes

No Game Note

Finance

Level 1 -- Attendance: 6000 (100.00%) -- Ticket Income $690,000
Level 2 -- Attendance: 5000 (100.00%) -- Ticket Income $375,000
Level 3 -- Attendance: 2000 (100.00%) -- Ticket Income $110,000
Level 4 -- Attendance: 3122 (86.12%) -- Ticket Income $93,660
Luxury Box -- Attendance: 1000 (100.00%) -- Ticket Income $165,000
Game was played at the Prudential Center
Total Attendance: 17122 (97.15%)
Total Ticket Income: $1,433,660
Other Income: $215,049
Total Income: $1,648,709


% Time on Ice - Jets

Lines # - Real PCT - Wanted PCT - Time Play
Normal Forward
1 - 34% - 37% - 14:10
2 - 35% - 36% - 14:47
3 - 21% - 17% - 8:41
4 - 10% - 10% - 4:22
Normal Defense
1 - 32% - 35% - 13:36
2 - 35% - 35% - 14:39
3 - 27% - 23% - 11:08
4 - 6% - 7% - 2:37
PP Forward
1 - 55% - 60% - 5:30
2 - 45% - 40% - 4:26
PP Defense
1 - 56% - 63% - 5:32
2 - 44% - 37% - 4:24
PK Forward
1 - 76% - 60% - 5:22
2 - 24% - 40% - 1:44
PK Defense
1 - 60% - 60% - 4:17
2 - 40% - 40% - 2:49
PK3 Forward
1 - 0% - 60%
2 - 0% - 40%
PK3 Defense
1 - 0% - 60%
2 - 0% - 40%
44 Forward
1 - 0% - 60%
2 - 0% - 40%
44 Defense
1 - 0% - 60%
2 - 0% - 40%
Last Minute Offensive  - 0:00
Last Minute Defensive  - 0:58
Total
Forward - 60:00
Defense - 60:00

% Time on Ice - Devils

Lines # - Real PCT - Wanted PCT - Time Play
Normal Forward
1 - 34% - 35% - 14:34
2 - 32% - 30% - 13:41
3 - 24% - 23% - 10:04
4 - 10% - 12% - 4:19
Normal Defense
1 - 29% - 35% - 12:19
2 - 35% - 35% - 15:01
3 - 25% - 20% - 10:47
4 - 11% - 10% - 4:31
PP Forward
1 - 57% - 60% - 4:03
2 - 43% - 40% - 3:03
PP Defense
1 - 56% - 60% - 4:00
2 - 44% - 40% - 3:06
PK Forward
1 - 56% - 55% - 5:35
2 - 44% - 45% - 4:21
PK Defense
1 - 47% - 55% - 4:40
2 - 53% - 45% - 5:16
PK3 Forward
1 - 0% - 50%
2 - 0% - 50%
PK3 Defense
1 - 0% - 50%
2 - 0% - 50%
44 Forward
1 - 0% - 55%
2 - 0% - 45%
44 Defense
1 - 0% - 55%
2 - 0% - 45%
Last Minute Offensive  - 0:20
Last Minute Defensive  - 0:00
Total
Forward - 60:00
Defense - 60:00

Play by Play

1st period


0:01 of 1st period - Jordan Staal wins face-off versus James van Riemsdyk in neutral zone.
0:01 of 1st period - James Wisniewski is hit by Saku Koivu and loses puck.
0:19 of 1st period - Shot by Martin Erat.
0:19 of 1st period - Shot Misses the Net.
1:06 of 1st period - Shot by Tim Connolly.
1:06 of 1st period - Stopped by Tim Thomas without a rebound.
1:07 of 1st period - Marcel Goc wins face-off versus Henrik Sedin in Jets zone.
1:10 of 1st period - Shot by Niklas Hjalmarsson.
1:10 of 1st period - Stopped by Tim Thomas without a rebound.
1:11 of 1st period - Henrik Sedin wins face-off versus Marcel Goc in Jets zone.
1:44 of 1st period - Shot by Matt Moulson.
1:44 of 1st period - Shot Blocked by Niklas Hjalmarsson.
1:46 of 1st period - Shot by Ron Hainsey.
1:46 of 1st period - Shot Misses the Net.
1:52 of 1st period - Shot by Matt Moulson.
1:52 of 1st period - Shot Blocked by Roman Hamrlik.
1:54 of 1st period - Shot by Henrik Sedin.
1:54 of 1st period - Goal by Henrik Sedin - Jets : 1 - Devils : 0.
1:55 of 1st period - Dave Bolland wins face-off versus Artem Anisimov in neutral zone.
2:02 of 1st period - Icing by Trevor Daley.
2:03 of 1st period - Dave Bolland wins face-off versus Artem Anisimov in Devils zone.
2:04 of 1st period - Shot by Pascal Dupuis.
2:04 of 1st period - Deflect By Dave Bolland.
2:04 of 1st period - Stopped by Steve Mason without a rebound.
2:05 of 1st period - Artem Anisimov wins face-off versus Matt Cullen in Devils zone.
2:24 of 1st period - Shot by Matt Cooke.
2:24 of 1st period - Stopped by Steve Mason without a rebound.
2:25 of 1st period - Jamie Benn wins face-off versus Vladimir Sobotka in Devils zone.
3:03 of 1st period - Shot by Jamie Benn.
3:03 of 1st period - Stopped by Steve Mason with a rebound.
3:05 of 1st period - Shot by Henrik Sedin.
3:05 of 1st period - Stopped by Steve Mason without a rebound.
3:06 of 1st period - Dave Bolland wins face-off versus Saku Koivu in Devils zone.
3:06 of 1st period - Pascal Dupuis is hit by Lubomir Visnovsky and loses puck.
3:19 of 1st period - Shot by R.J. Umberger.
3:19 of 1st period - Shot Misses the Net.
3:25 of 1st period - Shot by Saku Koivu.
3:25 of 1st period - Stopped by Tim Thomas without a rebound.
3:26 of 1st period - Artem Anisimov wins face-off versus Jordan Staal in Jets zone.
3:38 of 1st period - Jordan Staal is hit by Roman Hamrlik and loses puck.
4:51 of 1st period - Pascal Dupuis is hit by Artem Anisimov and loses puck.
5:40 of 1st period - Shot by James van Riemsdyk.
5:40 of 1st period - Shot Blocked by Johnny Oduya.
6:09 of 1st period - Icing by Henrik Sedin.
6:10 of 1st period - Vladimir Sobotka wins face-off versus Henrik Sedin in Jets zone.
6:41 of 1st period - Shot by Vladimir Sobotka.
6:41 of 1st period - Shot Misses the Net.
6:43 of 1st period - Shot by Patrick Eaves.
6:43 of 1st period - Shot Misses the Net.
6:45 of 1st period - Shot by Josh Bailey.
6:45 of 1st period - Stopped by Tim Thomas without a rebound.
6:46 of 1st period - Saku Koivu wins face-off versus Jordan Staal in Jets zone.
7:18 of 1st period - James Wisniewski is hit by Jordan Leopold and loses puck.
7:22 of 1st period - Icing by Nikita Nikitin.
7:23 of 1st period - Saku Koivu wins face-off versus Matt Cullen in Devils zone.
7:25 of 1st period - Nikita Nikitin is hit by Matt Cooke and loses puck.
7:29 of 1st period - Jordan Leopold is hit by Mark Giordano.
7:40 of 1st period - Minor Penalty to Josh Bailey for Roughing.
7:41 of 1st period - Marcel Goc wins face-off versus Henrik Sedin in Devils zone.
7:50 of 1st period - Shot by Henrik Sedin.
7:50 of 1st period - Stopped by Steve Mason without a rebound.
7:51 of 1st period - Henrik Sedin wins face-off versus Marcel Goc in Devils zone.
8:17 of 1st period - Off-side.
8:18 of 1st period - Jordan Staal wins face-off versus Marcel Goc in neutral zone.
8:40 of 1st period - Icing by James Wisniewski.
8:41 of 1st period - Jordan Staal wins face-off versus Marcel Goc in Jets zone.
8:48 of 1st period - Shot by Mark Giordano.
8:48 of 1st period - Shot Misses the Net.
8:50 of 1st period - Shot by Mark Giordano.
8:50 of 1st period - Shot Misses the Net.
8:52 of 1st period - Shot by Mark Giordano.
8:52 of 1st period - Stopped by Steve Mason without a rebound.
8:53 of 1st period - Henrik Sedin wins face-off versus Saku Koivu in Devils zone.
9:07 of 1st period - Jamie Benn is hit by Niklas Hjalmarsson and loses puck.
9:20 of 1st period - Shot by Carlo Colaiacovo.
9:20 of 1st period - Shot Blocked by Niklas Hjalmarsson.
9:22 of 1st period - Shot by Carlo Colaiacovo.
9:22 of 1st period - Shot Blocked by Niklas Hjalmarsson.
9:24 of 1st period - Shot by Jamie Benn.
9:24 of 1st period - Shot Misses the Net.
9:26 of 1st period - Shot by Jason Garrison.
9:26 of 1st period - Shot Blocked by Jordan Leopold.
9:28 of 1st period - Shot by Henrik Sedin.
9:28 of 1st period - Stopped by Steve Mason without a rebound.
9:29 of 1st period - Saku Koivu wins face-off versus Jordan Staal in Devils zone.
10:04 of 1st period - Off-side.
10:05 of 1st period - Marcel Goc wins face-off versus Jordan Staal in neutral zone.
10:36 of 1st period - Shot by Jordan Staal.
10:36 of 1st period - Goal by Jordan Staal - Jets : 2 - Devils : 0.
10:37 of 1st period - Henrik Sedin wins face-off versus James van Riemsdyk in neutral zone.
10:37 of 1st period - Henrik Sedin is hit by R.J. Umberger.
10:40 of 1st period - Carlo Colaiacovo is hit by Lubomir Visnovsky and loses puck.
10:44 of 1st period - Icing by Lubomir Visnovsky.
10:45 of 1st period - Henrik Sedin wins face-off versus Saku Koivu in Devils zone.
10:45 of 1st period - Mark Giordano is hit by Lubomir Visnovsky.
10:47 of 1st period - Shot by Matt Moulson.
10:47 of 1st period - Shot Misses the Net.
11:45 of 1st period - Off-side.
11:46 of 1st period - Jordan Staal wins face-off versus Marcel Goc in neutral zone.
11:49 of 1st period - Marcel Goc is hit by Erik Cole and loses puck.
12:27 of 1st period - Shot by Martin Erat.
12:27 of 1st period - Shot Blocked by Jordan Leopold.
12:29 of 1st period - Shot by Jordan Staal.
12:29 of 1st period - Stopped by Steve Mason with a rebound.
13:03 of 1st period - Shot by Pascal Dupuis.
13:03 of 1st period - Shot Misses the Net.
13:45 of 1st period - Shot by Matt Moulson.
13:45 of 1st period - Stopped by Steve Mason with a rebound.
13:47 of 1st period - Shot by Mark Giordano.
13:47 of 1st period - Shot Misses the Net.
14:34 of 1st period - Shot by Tim Connolly.
14:34 of 1st period - Stopped by Tim Thomas with a rebound.
14:36 of 1st period - Shot by Mark Letestu.
14:36 of 1st period - Shot Blocked by James Wisniewski.
14:38 of 1st period - Shot by Trevor Daley.
14:38 of 1st period - Goal by Trevor Daley - Jets : 2 - Devils : 1.
14:39 of 1st period - Saku Koivu wins face-off versus Matt Cullen in neutral zone.
15:19 of 1st period - Shot by Lee Stempniak.
15:19 of 1st period - Shot Misses the Net.
15:28 of 1st period - James van Riemsdyk is hit by Jason Garrison and loses puck.
15:32 of 1st period - Icing by Jordan Staal.
15:33 of 1st period - Jordan Staal wins face-off versus Artem Anisimov in Jets zone.
15:45 of 1st period - Shot by Tim Connolly.
15:45 of 1st period - Stopped by Tim Thomas with a rebound.
15:47 of 1st period - Shot by Tim Connolly.
15:47 of 1st period - Shot Misses the Net.
15:49 of 1st period - Shot by Lubomir Visnovsky.
15:49 of 1st period - Stopped by Tim Thomas without a rebound.
15:50 of 1st period - Henrik Sedin wins face-off versus Mark Letestu in Jets zone.
16:05 of 1st period - Shot by Henrik Sedin.
16:05 of 1st period - Deflect By Matt Moulson.
16:05 of 1st period - Shot Blocked by Trevor Daley.
16:18 of 1st period - Tim Connolly is hit by Carlo Colaiacovo.
16:44 of 1st period - Shot by Martin Erat.
16:44 of 1st period - Shot Misses the Net.
16:46 of 1st period - Shot by Erik Cole.
16:46 of 1st period - Shot Misses the Net.
16:48 of 1st period - Shot by Johnny Oduya.
16:48 of 1st period - Shot Misses the Net.
16:52 of 1st period - Shot by Jordan Staal.
16:52 of 1st period - Shot Misses the Net.
16:54 of 1st period - Shot by Martin Erat.
16:54 of 1st period - Shot Misses the Net.
16:56 of 1st period - Shot by Erik Cole.
16:56 of 1st period - Stopped by Steve Mason without a rebound.
16:57 of 1st period - Dave Bolland wins face-off versus Saku Koivu in Devils zone.
17:02 of 1st period - Shot by Pascal Dupuis.
17:02 of 1st period - Stopped by Steve Mason without a rebound.
17:03 of 1st period - Erik Cole wins face-off versus Saku Koivu in Devils zone.
18:28 of 1st period - Shot by Henrik Sedin.
18:28 of 1st period - Shot Misses the Net.
19:26 of 1st period - Shot by Pascal Dupuis.
19:26 of 1st period - Stopped by Steve Mason without a rebound.
19:27 of 1st period - Matt Cullen wins face-off versus Artem Anisimov in Devils zone.
19:32 of 1st period - Shot by Matt Cooke.
19:32 of 1st period - Goal by Matt Cooke - Jets : 3 - Devils : 1.
19:33 of 1st period - Artem Anisimov wins face-off versus Matt Cullen in neutral zone.

2nd period


0:01 of 2nd period - Henrik Sedin wins face-off versus R.J. Umberger in neutral zone.
0:05 of 2nd period - Carlo Colaiacovo is hit by R.J. Umberger and loses puck.
0:22 of 2nd period - Icing by Carlo Colaiacovo.
0:23 of 2nd period - Henrik Sedin wins face-off versus Artem Anisimov in Jets zone.
0:23 of 2nd period - Henrik Sedin is hit by Artem Anisimov.
0:45 of 2nd period - Matt Moulson is hit by Mark Letestu and loses puck.
0:51 of 2nd period - Off-side.
0:52 of 2nd period - Saku Koivu wins face-off versus Jordan Staal in neutral zone.
1:18 of 2nd period - Shot by Jordan Staal.
1:18 of 2nd period - Stopped by Steve Mason without a rebound.
1:19 of 2nd period - Marcel Goc wins face-off versus Dave Bolland in Devils zone.
1:27 of 2nd period - Josh Bailey is hit by Jason Garrison and loses puck.
1:52 of 2nd period - Icing by Marcel Goc.
1:53 of 2nd period - Marcel Goc wins face-off versus Jordan Staal in Devils zone.
2:07 of 2nd period - Shot by Erik Cole.
2:07 of 2nd period - Stopped by Steve Mason with a rebound.
2:19 of 2nd period - Shot by Erik Cole.
2:19 of 2nd period - Stopped by Steve Mason with a rebound.
2:27 of 2nd period - Shot by Jordan Staal.
2:27 of 2nd period - Stopped by Steve Mason with a rebound.
2:35 of 2nd period - Shot by Erik Cole.
2:35 of 2nd period - Stopped by Steve Mason without a rebound.
2:36 of 2nd period - Henrik Sedin wins face-off versus Saku Koivu in Devils zone.
4:22 of 2nd period - Icing by Niklas Hjalmarsson.
4:23 of 2nd period - Jordan Staal wins face-off versus Tim Connolly in Devils zone.
5:44 of 2nd period - Shot by Henrik Sedin.
5:44 of 2nd period - Stopped by Steve Mason without a rebound.
5:45 of 2nd period - Saku Koivu wins face-off versus Matt Cullen in Devils zone.
5:45 of 2nd period - Saku Koivu is hit by Matt Cooke.
6:20 of 2nd period - Shot by James van Riemsdyk.
6:20 of 2nd period - Stopped by Tim Thomas without a rebound.
6:21 of 2nd period - Artem Anisimov wins face-off versus Henrik Sedin in Jets zone.
6:27 of 2nd period - Tim Connolly is hit by Mark Giordano and loses puck.
6:43 of 2nd period - Tim Connolly is hit by Mark Giordano and loses puck.
6:48 of 2nd period - Shot by Artem Anisimov.
6:48 of 2nd period - Shot Blocked by Carlo Colaiacovo.
6:49 of 2nd period - Minor Penalty to Mark Giordano for Hooking.
6:50 of 2nd period - Dave Bolland wins face-off versus Saku Koivu in Jets zone.
7:03 of 2nd period - Matt Cooke is hit by R.J. Umberger and loses puck.
7:14 of 2nd period - Shot by Matt Cooke.
7:14 of 2nd period - Stopped by Steve Mason with a rebound.
7:37 of 2nd period - Off-side.
7:38 of 2nd period - Mark Letestu wins face-off versus Dave Bolland in neutral zone.
7:51 of 2nd period - Shot by Brad Stuart.
7:51 of 2nd period - Shot Blocked by Johnny Oduya.
7:53 of 2nd period - Shot by Tim Connolly.
7:53 of 2nd period - Stopped by Tim Thomas without a rebound.
7:54 of 2nd period - Dave Bolland wins face-off versus Mark Letestu in Jets zone.
9:01 of 2nd period - Shot by Patrick Eaves.
9:01 of 2nd period - Shot Misses the Net.
9:31 of 2nd period - Shot by Patrick Eaves.
9:31 of 2nd period - Stopped by Tim Thomas without a rebound.
9:32 of 2nd period - Saku Koivu wins face-off versus Jordan Staal in Jets zone.
9:40 of 2nd period - Saku Koivu is hit by Jordan Staal and loses puck.
9:52 of 2nd period - Minor Penalty to Erik Cole for Holding.
9:53 of 2nd period - Dave Bolland wins face-off versus R.J. Umberger in Jets zone.
10:19 of 2nd period - Shot by Artem Anisimov.
10:19 of 2nd period - Stopped by Tim Thomas with a rebound.
10:23 of 2nd period - Shot by Lubomir Visnovsky.
10:23 of 2nd period - Stopped by Tim Thomas without a rebound.
10:24 of 2nd period - Mark Letestu wins face-off versus Dave Bolland in Jets zone.
10:29 of 2nd period - Shot by Nikita Nikitin.
10:29 of 2nd period - Shot Blocked by Johnny Oduya.
10:31 of 2nd period - Shot by James van Riemsdyk.
10:31 of 2nd period - Stopped by Tim Thomas without a rebound.
10:32 of 2nd period - Mark Letestu wins face-off versus Dave Bolland in Jets zone.
11:39 of 2nd period - Off-side.
11:40 of 2nd period - Saku Koivu wins face-off versus Dave Bolland in neutral zone.
12:13 of 2nd period - Icing by Henrik Sedin.
12:14 of 2nd period - Matt Moulson wins face-off versus Mark Letestu in Jets zone.
12:25 of 2nd period - Shot by Tim Connolly.
12:25 of 2nd period - Shot Misses the Net.
12:31 of 2nd period - Shot by Mark Letestu.
12:31 of 2nd period - Stopped by Tim Thomas without a rebound.
12:32 of 2nd period - Saku Koivu wins face-off versus Jordan Staal in Jets zone.
12:43 of 2nd period - Shot by Saku Koivu.
12:43 of 2nd period - Stopped by Tim Thomas without a rebound.
12:44 of 2nd period - Dave Bolland wins face-off versus Mark Letestu in Jets zone.
13:03 of 2nd period - Shot by Mark Letestu.
13:03 of 2nd period - Stopped by Tim Thomas without a rebound.
13:04 of 2nd period - Erik Cole wins face-off versus Saku Koivu in Jets zone.
13:04 of 2nd period - Erik Cole is hit by Saku Koivu.
14:05 of 2nd period - Off-side.
14:06 of 2nd period - Marcel Goc wins face-off versus Henrik Sedin in neutral zone.
14:06 of 2nd period - Josh Bailey is hit by Jamie Benn and loses puck.
16:52 of 2nd period - Shot by Jamie Benn.
16:52 of 2nd period - Shot Misses the Net.
17:54 of 2nd period - Icing by Mark Giordano.
17:55 of 2nd period - Matt Cullen wins face-off versus Artem Anisimov in Jets zone.
17:55 of 2nd period - Matt Cullen is hit by Artem Anisimov.
18:09 of 2nd period - Shot by Matt Cullen.
18:09 of 2nd period - Shot Blocked by Roman Hamrlik.
18:18 of 2nd period - Icing by Niklas Hjalmarsson.
18:19 of 2nd period - Artem Anisimov wins face-off versus Jordan Staal in Devils zone.
19:00 of 2nd period - Shot by Jordan Staal.
19:00 of 2nd period - Goal by Jordan Staal - Jets : 4 - Devils : 1.
19:01 of 2nd period - Henrik Sedin wins face-off versus Saku Koivu in neutral zone.
19:10 of 2nd period - Shot by Henrik Sedin.
19:10 of 2nd period - Shot Misses the Net.
19:26 of 2nd period - Shot by Jamie Benn.
19:26 of 2nd period - Shot Blocked by Jordan Leopold.
19:36 of 2nd period - Shot by Jamie Benn.
19:36 of 2nd period - Shot Misses the Net.
19:53 of 2nd period - Minor Penalty to Pascal Dupuis for High sticking.
19:54 of 2nd period - Mark Letestu wins face-off versus Matt Cooke in Jets zone.
19:58 of 2nd period - Shot by Tim Connolly.
19:58 of 2nd period - Shot Blocked by Matt Cooke.

3rd period


0:01 of 3rd period - Saku Koivu wins face-off versus Matt Cooke in neutral zone.
0:08 of 3rd period - Shot by Saku Koivu.
0:08 of 3rd period - Shot Blocked by Ron Hainsey.
1:02 of 3rd period - Shot by James van Riemsdyk.
1:02 of 3rd period - Goal by James van Riemsdyk - Jets : 4 - Devils : 2.
1:03 of 3rd period - Martin Erat wins face-off versus Marcel Goc in neutral zone.
1:03 of 3rd period - Mark Giordano is hit by Matt DAgostini and loses puck.
1:25 of 3rd period - Minor Penalty to Lubomir Visnovsky for Tripping.
1:26 of 3rd period - Henrik Sedin wins face-off versus Marcel Goc in Devils zone.
1:53 of 3rd period - Shot by James Wisniewski.
1:53 of 3rd period - Shot Misses the Net.
2:41 of 3rd period - Shot by Jordan Staal.
2:41 of 3rd period - Stopped by Steve Mason without a rebound.
2:42 of 3rd period - Marcel Goc wins face-off versus Jordan Staal in Devils zone.
3:05 of 3rd period - Shot by Jason Garrison.
3:05 of 3rd period - Stopped by Steve Mason without a rebound.
3:06 of 3rd period - Saku Koivu wins face-off versus Jamie Benn in Devils zone.
3:51 of 3rd period - Shot by Dave Bolland.
3:51 of 3rd period - Stopped by Steve Mason with a rebound.
3:53 of 3rd period - Shot by Lee Stempniak.
3:53 of 3rd period - Stopped by Steve Mason without a rebound.
3:54 of 3rd period - R.J. Umberger wins face-off versus Jordan Staal in Devils zone.
4:11 of 3rd period - Erik Cole is hit by Brad Stuart and loses puck.
5:05 of 3rd period - Shot by Henrik Sedin.
5:05 of 3rd period - Shot Blocked by Lubomir Visnovsky.
5:11 of 3rd period - Matt Moulson is hit by Mark Letestu and loses puck.
5:46 of 3rd period - Icing by Niklas Hjalmarsson.
5:47 of 3rd period - Marcel Goc wins face-off versus Dave Bolland in Devils zone.
6:31 of 3rd period - Icing by Ron Hainsey.
6:32 of 3rd period - Saku Koivu wins face-off versus Dave Bolland in Jets zone.
6:49 of 3rd period - Shot by Saku Koivu.
6:49 of 3rd period - Shot Misses the Net.
7:03 of 3rd period - Jordan Leopold is hit by Pascal Dupuis.
7:16 of 3rd period - James van Riemsdyk is hit by Jason Garrison and loses puck.
7:18 of 3rd period - Double Minor Penalty to Saku Koivu for High sticking.
7:19 of 3rd period - Marcel Goc wins face-off versus Henrik Sedin in Devils zone.
7:58 of 3rd period - Shot by Henrik Sedin.
7:58 of 3rd period - Shot Blocked by Niklas Hjalmarsson.
8:07 of 3rd period - Icing by Mark Giordano.
8:08 of 3rd period - Henrik Sedin wins face-off versus Tim Connolly in Jets zone.
9:30 of 3rd period - Shot by Jason Garrison.
9:30 of 3rd period - Shot Misses the Net.
9:37 of 3rd period - Icing by Carlo Colaiacovo.
9:38 of 3rd period - Jordan Staal wins face-off versus Marcel Goc in Jets zone.
10:03 of 3rd period - Shot by Henrik Sedin.
10:03 of 3rd period - Stopped by Steve Mason without a rebound.
10:04 of 3rd period - Marcel Goc wins face-off versus Jordan Staal in Devils zone.
10:21 of 3rd period - Shot by Carlo Colaiacovo.
10:21 of 3rd period - Stopped by Steve Mason without a rebound.
10:22 of 3rd period - Henrik Sedin wins face-off versus Tim Connolly in Devils zone.
11:13 of 3rd period - Shot by Jason Garrison.
11:13 of 3rd period - Stopped by Steve Mason without a rebound.
11:14 of 3rd period - Marcel Goc wins face-off versus Erik Cole in Devils zone.
11:14 of 3rd period - Marcel Goc is hit by Jordan Staal.
11:19 of 3rd period - Icing by Vladimir Sobotka.
11:20 of 3rd period - Matt Cooke wins face-off versus Saku Koivu in Devils zone.
11:20 of 3rd period - Matt Cullen is hit by Lubomir Visnovsky and loses puck.
11:26 of 3rd period - Matt Cooke is hit by Trevor Daley and loses puck.
11:39 of 3rd period - Shot by Matt Cullen.
11:39 of 3rd period - Deflect By Matt Cooke.
11:39 of 3rd period - Stopped by Steve Mason without a rebound.
11:40 of 3rd period - Dave Bolland wins face-off versus Marcel Goc in Devils zone.
11:49 of 3rd period - Shot by Pascal Dupuis.
11:49 of 3rd period - Shot Misses the Net.
11:55 of 3rd period - Shot by Pascal Dupuis.
11:55 of 3rd period - Stopped by Steve Mason without a rebound.
11:56 of 3rd period - Saku Koivu wins face-off versus Jordan Staal in Devils zone.
12:31 of 3rd period - Shot by R.J. Umberger.
12:31 of 3rd period - Goal by R.J. Umberger - Jets : 4 - Devils : 3.
12:32 of 3rd period - Henrik Sedin wins face-off versus Artem Anisimov in neutral zone.
13:45 of 3rd period - Shot by Lubomir Visnovsky.
13:45 of 3rd period - Stopped by Tim Thomas without a rebound.
13:46 of 3rd period - Jordan Staal wins face-off versus Saku Koivu in Jets zone.
13:46 of 3rd period - Mark Giordano is hit by James van Riemsdyk and loses puck.
14:04 of 3rd period - Erik Cole is hit by Lubomir Visnovsky and loses puck.
14:08 of 3rd period - Icing by Lubomir Visnovsky.
14:09 of 3rd period - Saku Koivu wins face-off versus Matt Cullen in Devils zone.
14:09 of 3rd period - Saku Koivu is hit by Matt Cooke.
14:18 of 3rd period - Minor Penalty to Johnny Oduya for High sticking.
14:19 of 3rd period - Dave Bolland wins face-off versus Saku Koivu in Jets zone.
15:11 of 3rd period - Icing by Tim Connolly.
15:12 of 3rd period - Mark Letestu wins face-off versus Jordan Staal in Devils zone.
15:31 of 3rd period - Shot by James van Riemsdyk.
15:31 of 3rd period - Deflect By Mark Letestu.
15:31 of 3rd period - Stopped by Tim Thomas with a rebound.
15:33 of 3rd period - Shot by Brad Stuart.
15:33 of 3rd period - Shot Misses the Net.
15:35 of 3rd period - Shot by Mark Letestu.
15:35 of 3rd period - Stopped by Tim Thomas without a rebound.
15:36 of 3rd period - Artem Anisimov wins face-off versus Dave Bolland in Jets zone.
15:54 of 3rd period - Shot by Jordan Leopold.
15:54 of 3rd period - Shot Misses the Net.
16:02 of 3rd period - Shot by Nikita Nikitin.
16:02 of 3rd period - Shot Blocked by Jason Garrison.
16:06 of 3rd period - Shot by Saku Koivu.
16:06 of 3rd period - Stopped by Tim Thomas with a rebound.
16:08 of 3rd period - Shot by Saku Koivu.
16:08 of 3rd period - Stopped by Tim Thomas without a rebound.
16:09 of 3rd period - James van Riemsdyk wins face-off versus Jordan Staal in Jets zone.
16:22 of 3rd period - Shot by Niklas Hjalmarsson.
16:22 of 3rd period - Shot Blocked by Carlo Colaiacovo.
16:37 of 3rd period - Minor Penalty to Matt DAgostini for Hooking.
16:38 of 3rd period - Jordan Staal wins face-off versus Marcel Goc in Devils zone.
17:23 of 3rd period - Jordan Leopold is hit by Erik Cole and loses puck.
17:56 of 3rd period - Shot by Jason Garrison.
17:56 of 3rd period - Stopped by Steve Mason without a rebound.
17:57 of 3rd period - Marcel Goc wins face-off versus Henrik Sedin in Devils zone.
18:08 of 3rd period - Jordan Leopold is hit by Jamie Benn and loses puck.
18:33 of 3rd period - Shot by Jason Garrison.
18:33 of 3rd period - Deflect By Henrik Sedin.
18:33 of 3rd period - Shot Misses the Net.
18:35 of 3rd period - Shot by Jason Garrison.
18:35 of 3rd period - Stopped by Steve Mason with a rebound.
18:37 of 3rd period - Shot by Jason Garrison.
18:37 of 3rd period - Shot Misses the Net.
18:51 of 3rd period - Trevor Daley is hit by Pascal Dupuis and loses puck.
18:56 of 3rd period - Shot by Dave Bolland.
18:56 of 3rd period - Shot Misses the Net.
19:01 of 3rd period - Icing by Tim Connolly.
19:02 of 3rd period - Jordan Staal wins face-off versus Artem Anisimov in Devils zone.
19:48 of 3rd period - Devils, Steve Mason is pulled from the net.


Output by the SimonT Hockey Simulator (STHS) for Stephane Roy -- Original Page W3C XHTML 1.0 Valid
Hockey Simulator - Hockey Simulation - Hockey Manager